 Dungeon Crawl Stone Soup version 0.27-a0-34-gc18c9092ac (webtiles) character file.

Game seed: 121614691085427609

823 kae the Insei (level 7, -1/57 HPs)
             Began as a Demonspawn Monk on Jan 4, 2021.
             Was a Believer of Wu Jian.
             Slain by a sky beast (5 damage)
             ... on level 6 of the Dungeon.
             The game lasted 00:03:48 (4926 turns).

kae the Insei (Demonspawn Monk)                     Turns: 4926, Time: 00:03:48

Health: -1/57      AC:  7    Str: 13      XL:     7   Next: 63%
Magic:  0/7        EV: 14    Int: 12      God:    Wu Jian [**....]
Gold:   212        SH:  0    Dex: 14 (15) Spells: 6/6 levels left

rFire    . . .     SeeInvis .     - Unarmed
rCold    + . .     Faith    .   (no shield)
rNeg     . . .     Spirit   +   i - +0 scale mail {rC+}
rPois    .         Reflect  .   (no helmet)
rElec    .         Harm     .   (no cloak)
rCorr    .         Rampage  .   (no gloves)
Will     +....                  n - +0 pair of boots
Stlth    +.........             k - amulet of guardian spirit
HPRegen  0.19/turn              p - ring of willpower
MPRegen  0.10/turn              (no ring)

@: repel missiles
A: hooves 1, repulsion field 3, magic shield
a: Renounce Religion, Wall Jump


You were on level 6 of the Dungeon.
You worshipped Wu Jian.
Wu Jian was pleased with you.
You visited 1 branch of the dungeon, and saw 6 of its levels.

You collected 212 gold pieces.

Inventory:

Armour
 a - a +0 robe
 i - a +0 scale mail of cold resistance (worn)
 n - a +0 pair of boots (worn)
Jewellery
 k - an amulet of guardian spirit (around neck)
 p - a ring of willpower (left hand)
Wands
 m - a wand of flame (6)
Scrolls
 e - 5 scrolls of remove curse
 f - a scroll of fog
 l - 2 scrolls of fear
 o - a scroll of noise {unknown}
 r - a scroll of identify {unknown}
Potions
 b - 2 potions of lignification {unknown}
 c - a potion of invisibility {unknown}
 d - a potion of might {unknown}
 g - a potion of heal wounds {unknown}
 h - a potion of degeneration {unknown}
 j - a potion of flight {unknown}
 q - a potion of cancellation {unknown}
 s - a potion of ambrosia {unknown}


   Skills:
 + Level 5.7 Fighting
 - Level 2.6 Dodging
 - Level 1.7 Stealth
 * Level 7.0 Unarmed Combat


You had 6 spell levels left.
You didn't know any spells.
Your spell library contained the following spells:

 Spells                   Type           Power        Failure   Level
 Magic Dart               Conj           0%           86%         1


Dungeon Overview and Level Annotations

Branches:
Dungeon (6/15)             Temple (0/1) D:4

Altars:
Gozag
Kikubaaqudgha
Sif Muna
Vehumet
Wu Jian
Xom
Yredelemnul


Innate Abilities, Weirdness & Mutations

You have large cloven feet.
You are surrounded by a strong repulsion field. (EV +4, RMsl)
When hurt, damage is shared between your health and your magic reserves.


Message History

* * * LOW HITPOINT WARNING * * *
The sky beast shocks you.
* * * LOW HITPOINT WARNING * * *
You closely miss the sky beast.
The sky beast is severely wounded.
The sky beast flickers out of sight!
Deactivating autopickup; reactivate with Ctrl-A.
Something hits you but does no damage.
You hit something. Something hits you but does no damage.
You hit something.
The sky beast flickers out of sight!
You punch something! The Council accepts your kill.
Reactivating autopickup.
You feel a bit more experienced.
Your Unarmed Combat skill increases to level 7!
Deactivating autopickup; reactivate with Ctrl-A.
You hit something. Something hits you.
* * * LOW HITPOINT WARNING * * *
Something shocks you.
You die...

#### ####### ##(..##
#.....##########.....###
#.###....@†o............
##.###########.........#
#..<..# #.#{......##
#.....# #..##.......#
#.....# #.###.....#.#
#......# .. #.........
####...# ### #.Y.....##
#.... #.......# .....
.Y.....##


You could see an orc.

Vanquished Creatures
  2 ice beasts (D:5)
  2 sky beasts (D:6)
  A centaur (D:3)
  A quasit (D:6)
  A jelly (D:5)
  Jessica (D:2)
  Terence (D:2)
  2 orc wizards
  2 worker ants
  5 adders
  2 ufetubi
  2 oozes
  An adder skeleton (D:4)
  6 worms
  3 dart slugs
  3 leopard geckos
  4 orcs
  A ball python (D:4)
  4 giant cockroaches
  6 goblins
  5 hobgoblins (D:2)
  6 jackals
  2 quokkas
  A ball python skeleton (D:4)
  4 bats
  4 frilled lizards
  10 kobolds
  8 rats
90 creatures vanquished.

Notes
Turn   | Place    | Note
-------+----------+-------------------------------------------
     0 | D:1      | kae the Demonspawn Monk began the quest for the Orb.
     0 | D:1      | Reached XP level 1. HP: 18/18 MP: 1/1
   177 | D:1      | Reached skill level 3 in Unarmed Combat
   186 | D:1      | Gained mutation: You are surrounded by a mild repulsion
                  | field. (EV +2) [demonic ancestry]
   186 | D:1      | Reached XP level 2. HP: 24/24 MP: 2/2
  1117 | D:2      | Gained mutation: When hurt, damage is shared between your
                  | health and your magic reserves. [demonic ancestry]
  1117 | D:2      | Reached XP level 3. HP: 23/29 MP: 3/3
  1208 | D:2      | Noticed Jessica
  1217 | D:2      | Killed Jessica
  1267 | D:2      | Reached skill level 4 in Unarmed Combat
  1267 | D:2      | Gained mutation: You are surrounded by a moderate repulsion
                  | field. (EV +3) [demonic ancestry]
  1267 | D:2      | Reached XP level 4. HP: 22/37 MP: 2/4
  1469 | D:2      | Noticed Terence
  1492 | D:2      | Killed Terence
  2272 | D:2      | Found an ancient bone altar of Kikubaaqudgha.
  2339 | D:2      | Found a radiant altar of Vehumet.
  2345 | D:2      | Identified Vehumet's Catalogue of Arcane Weapons
  2352 | D:2      | Found a shimmering blue altar of Sif Muna.
  2576 | D:2      | Gained mutation: You have large cloven feet. [demonic
                  | ancestry]
  2576 | D:2      | Reached XP level 5. HP: 29/42 MP: 3/5
  3613 | D:3      | Noticed a centaur
  3634 | D:3      | Killed a centaur
  3635 | D:3      | Reached skill level 5 in Unarmed Combat
  3635 | D:3      | Reached XP level 6. HP: 37/49 MP: 6/6
  3728 | D:3      | Found a shimmering altar of Xom.
  3830 | D:4      | You fall into a shaft and drop 2 floors!
  3971 | D:5      | Entered Level 5 of the Dungeon
  3971 | D:5      | Noticed an ice beast
  4105 | D:5      | Killed an ice beast
  4355 | D:5      | Found an opulent altar of Gozag.
  4360 | D:5      | Noticed an ice beast
  4366 | D:5      | Reached skill level 5 in Fighting
  4378 | D:5      | Killed an ice beast
  4379 | D:5      | Reached skill level 6 in Unarmed Combat
  4379 | D:5      | Gained mutation: You are surrounded by a strong repulsion
                  | field. (EV +4, RMsl) [demonic ancestry]
  4379 | D:5      | Reached XP level 7. HP: 10/56 MP: 1/7
  4636 | D:4      | Found an ornate altar of the Wu Jian Council.
  4644 | D:4      | Became a worshipper of the Wu Jian Council
  4644 | D:4      | Reached * piety under Wu Jian
  4644 | D:4      | Reached ** piety under Wu Jian
  4705 | D:4      | Found a staircase to the Ecumenical Temple.
  4741 | D:4      | Found a basalt altar of Yredelemnul.
  4843 | D:4      | You fall into a shaft and drop 2 floors!
  4926 | D:6      | Reached skill level 7 in Unarmed Combat
  4926 | D:6      | Slain by a sky beast

Illustrated notes

Levels and vault maps discovered:
D:1:      doesnt_arrival_eight_statues, layout_basic
D:2:      layout_loops_cross, grunt_temple_overflow_magic_moments, uniq_terence,
          uniq_jessica
D:3:      layout_basic, lemuel_round_altar, hangedman_decor_opposing,
          kennysheep_doodads
D:4:      layout_basic, kennysheep_mini_moat, nicolae_overflow_hidden_temple,
          lemuel_crystal_altar, minmay_temple_entry_tees,
          cheibrodos_sewer_entry_drain, lemuel_tele_altar
D:5:      layout_rooms, nicolae_gozag_zags_fifth_avenue
D:6:      layout_rooms, nicolae_qazlal_style_of_elements

Skill      XL: |  1  2  3  4  5  6  7 |
---------------+----------------------+-----
Unarmed Combat | 3 4 5 6 7 |  7.0
Fighting       | 4 5 |  5.7
Dodging        | |  2.6
Stealth        | |  1.7

Action                   |  1- 3 |  4- 6 |  7- 9 || total
-------------------------+-------+-------+-------++-------
Melee: Unarmed           |    97 |   305 |    87 ||   489
       Punch             |     1 |     6 |     3 ||    10
Invok: Lunge             |       |       |     1 ||     1
  Use: Scroll            |       |     5 |       ||     5
 Stab: Sleeping          |     3 |     1 |       ||     4
Armor: Robe              |     6 |       |       ||     6
       Scale mail        |       |   101 |    55 ||   156
Dodge: Dodged            |    55 |   188 |    64 ||   307

Table legend: (Time is in decaauts)
 A = Elapsed time spent in this place.
 B = Non-inter-level travel time spent in this place.
 C = Inter-level travel time spent in this place.
 D = Time resting spent in this place.
 E = Time spent auto-exploring this place.
 F = Levels seen in this place.
 G = Mean time per level.
                   A        B        C        D        E       F      G
               +--------+--------+--------+--------+--------+-----+--------+
         Total |   4894 |   4841 |     53 |   1449 |   2577 |   6 |  815.7 |
       Dungeon |   4894 |   4841 |     53 |   1449 |   2577 |   6 |  815.7 |
               +--------+--------+--------+--------+--------+-----+--------+

Top non-repeatable levels by time:
     D:2: 1698 daAuts
     D:1: 1096 daAuts
     D:3: 984 daAuts
     D:6: 526 daAuts
     D:5: 354 daAuts
     D:4: 234 daAuts
